 Dungeon Crawl Stone Soup version 0.20-a0-46-g4a4b873 (webtiles) character file.

25596 GordonOverkill the Bludgeoner (level 13, -7/148 HPs)
             Began as an Ogre Hunter on Nov 14, 2016.
             Was an Elder of Trog.
             Mangled by an eight-headed hydra (15 damage)
             ... on level 3 of the Lair of Beasts on Nov 15, 2016.
             The game lasted 00:46:54 (23195 turns).

GordonOverkill the Bludgeoner (Ogre Hunter)        Turns: 23195, Time: 00:46:54

Health: -7/148     AC:  5    Str: 22    XL:     13   Next: 20%
Magic:  13/13      EV:  7    Int: 10    God:    Trog [****..]
Gold:   738        SH:  0    Dex: 12    Spells: 0 memorised, 12 levels left

rFire  . . .     SeeInvis .     A - +0 giant club
rCold  . . .     Gourm    .     l - +1 robe {MR+}
rNeg   . . .     Faith    +     (shield currently unavailable)
rPois  .         Spirit   .     (helmet restricted)
rElec  .         Reflect  .     x - +0 cloak
rCorr  .         Harm     .     (gloves unavailable)
MR     ++...                    (boots unavailable)
Stlth  +.........               M - amulet of faith
                                (no ring)
                                (no ring)

@: held, drained
A: unfitting armour, tough skin 1
a: Berserk, Trog's Hand, Brothers in Arms, Burn Spellbooks, Renounce Religion


You were on level 3 of the Lair of Beasts.
You worshipped Trog.
Trog was greatly pleased with you.
You were not hungry.

You visited 2 branches of the dungeon, and saw 13 of its levels.
You also visited: Labyrinth.

You collected 738 gold pieces.

Inventory:

Hand Weapons
 A - a +0 giant club (weapon)
 G - a +1 giant spiked club
Missiles
 c - 13 large rocks (quivered)
 d - 3 throwing nets
Armour
 l - a +1 robe of magic resistance (worn)
 x - a +0 cloak (worn)
Rods
 y - a +0 rod of shadows (14/14)
   (You found it on level 6 of the Dungeon)
Jewellery
 r - an uncursed ring of ice
 v - a +3 amulet of reflection
 M - an amulet of faith (around neck)
Wands
 a - a wand of digging (10/24)
 t - a wand of digging (0/24)
 z - a wand of lightning (5/15)
 E - a wand of flame (21/48)
 F - a wand of digging (14/24)
 J - a wand of iceblast (5/15)
 L - a wand of lightning (8/15)
 N - a wand of slowing (12/48)
Scrolls
 b - a scroll of teleportation
 e - 3 scrolls of enchant armour
 g - 2 scrolls of blinking
 j - 3 scrolls of fog
 o - a scroll of remove curse
 u - a scroll of recharging
 C - a scroll of fear {unknown}
 D - a scroll of silence
Potions
 i - 3 potions of cancellation
 k - 2 potions of agility
 m - 4 potions of might
 n - a potion of mutation
 p - a potion of curing
 q - 2 potions of haste
 s - 4 potions of brilliance
 w - a potion of resistance {unknown}
 B - a potion of heal wounds
 H - a potion of magic {unknown}
 I - 2 potions of flight
 K - a potion of cure mutation {unknown}
Comestibles
 f - 8 bread rations
 h - 10 meat rations
 O - 5 chunks of flesh


   Skills:
 + Level 14.9(14.5) Fighting
 * Level 20.1(19.6) Maces & Flails
 - Level 4.0(3.6) Throwing
 + Level 6.7(6.4) Dodging
 - Level 0.6(0.3) Stealth


You had 12 spell levels left.
You didn't know any spells.

Dungeon Overview and Level Annotations

Branches:
Dungeon (10/15)            Temple (0/1) D:7            Lair (3/6) D:8
 Shoals (0/4) Lair:3          Orc (0/2) D:10
  Snake: Lair:2-4    Spider: Lair:2-4

Altars:
Cheibriados
Gozag
Hepliaklqana
Makhleb
Nemelex Xobeh
Okawaru
Qazlal
Ru
Sif Muna
Trog
Uskayaw
Vehumet
Yredelemnul
Zin
The Shining One

Shops:
D:5 :   D:6 (

Annotations:
Lair:3 Harold


Innate Abilities, Weirdness & Mutations

You are too large for most types of armour.
You have tough skin. (AC +1)


Message History

You struggle against the net.
You rip the net and break free!
Harold throws a throwing net.
The throwing net hits you.
You become entangled in the net!
You struggle against the net.
You struggle against the net.
The eight-headed hydra closely misses you.
The eight-headed hydra bites you! x3
The eight-headed hydra completely misses you.
The eight-headed hydra bites you!
The eight-headed hydra barely misses you.
The eight-headed hydra closely misses you.
You struggle against the net.
The eight-headed hydra bites you. The eight-headed hydra bites you! x4
* * * LOW HITPOINT WARNING * * *
The eight-headed hydra bites you!
* * * LOW HITPOINT WARNING * * *
The eight-headed hydra bites you!
* * * LOW HITPOINT WARNING * * *
The eight-headed hydra bites you!
You die...

................
.................. ..
...#.#####......P# ##..
.....#####.#.....###.P..
...........#...........#
....P.....#.....#......#
....#..............?....
..........##....#D.....#
..........#.....@..@....
..........##.....#......
...##.....##....## ....#
....#.###.##....# ...#
....# ...P.###.##.....##
##. ......##
.................###
#........
....................
..........
...................P
..........
.................#P.#
..#......


You could see Harold and an eight-headed hydra.

Vanquished Creatures
  A minotaur (Lab)
  The ghost of yrara the Basher, a journeyman MiFi of Gozag (D:10)
  6 hydras
  A centaur warrior (D:9)
  Nergalle (Lair:3)
  An unseen horror (D:9)
  2 hill giants
  Pikel (D:6)
  A cyclops (D:9)
  3 black mambas
  7 spiny frogs
  5 komodo dragons
  A merfolk (Lair:3)
  A troll (D:9)
  A hornet (D:9)
  6 hippogriffs
  4 blink frogs (Lair:2)
  A human (D:7)
  4 hogs (D:7)
  10 yaks
  2 hungry ghosts
  Eustachio (D:6)
  A basilisk (Lair:1)
  6 water moccasins
  4 porcupines
  4 slaves (D:6)
  2 ice beasts
  3 sky beasts
  A black bear (D:10)
  4 orc warriors
  A phantom (D:7)
  A centaur (D:9)
  3 ogres
  11 wolves (Lair:1)
  5 crocodiles
  A big kobold (D:10)
  A gnoll sergeant (D:3)
  15 bullfrogs
  3 scorpions
  2 howler monkeys
  5 wights
  An electric eel (Lair:3)
  4 crimson imps
  2 bullfrog zombies
  2 bullfrog skeletons
  An orc priest (D:6)
  A centaur zombie (D:6)
  4 hounds
  5 jellies
  11 orc wizards
  5 gnoll shamans (D:3)
  Jessica (D:3)
  2 iguanas
  Natasha (thrice) (D:3)
  8 worker ants
  Ijyb (D:3)
  3 hound skeletons
  A howler monkey skeleton (D:10)
  2 howler monkey zombies
  32 gnolls
  13 adders
  A shadow imp (D:5)
  2 oozes
  An adder skeleton (D:5)
  3 worms (D:3)
  2 dart slugs (D:1)
  3 leopard geckos
  38 orcs
  2 ball pythons
  5 giant cockroaches
  7 hobgoblins
  21 jackals
  2 quokkas (D:9)
  15 bats
  5 frilled lizards
  8 goblins
  11 kobolds
  A quokka skeleton (D:5)
  7 rats
370 creatures vanquished.

Vanquished Creatures (collateral kills)
  A kobold (D:10)
1 creature vanquished.

Vanquished Creatures (others)
  A hound skeleton (D:6)
  4 orcs (D:6)
  A fungus (Lair:2)
6 creatures vanquished.

Grand Total: 377 creatures vanquished

Notes
Turn   | Place    | Note
-------+----------+-------------------------------------------
     0 | D:1      | GordonOverkill the Ogre Hunter began the quest for the Orb.
     0 | D:1      | Reached XP level 1. HP: 22/22 MP: 1/1
   260 | D:1      | Reached XP level 2. HP: 31/31 MP: 2/2
  1132 | D:1      | Reached XP level 3. HP: 39/40 MP: 3/3
  1299 | D:1      | Reached skill level 1 in Maces & Flails
  1646 | D:2      | Found a hazy altar of Hepliaklqana.
  2006 | D:2      | Reached skill level 2 in Maces & Flails
  2161 | D:2      | Found a stormy altar of Qazlal.
  2166 | D:2      | Reached XP level 4. HP: 49/49 MP: 4/4
  2535 | D:3      | Noticed Jessica
  2540 | D:3      | Killed Jessica
  2540 | D:3      | Reached skill level 5 in Fighting
  2540 | D:3      | Reached skill level 3 in Maces & Flails
  2578 | D:3      | Reached XP level 5. HP: 53/57 MP: 5/5
  2595 | D:3      | Reached skill level 4 in Maces & Flails
  2918 | D:3      | Noticed Natasha
  2944 | D:3      | Killed Natasha
  3191 | D:3      | Noticed Natasha
  3422 | D:3      | Killed Natasha
  3422 | D:3      | Reached skill level 5 in Maces & Flails
  3625 | D:3      | Noticed Ijyb
  3625 | D:3      | Killed Ijyb
  3625 | D:3      | Reached XP level 6. HP: 67/67 MP: 6/6
  3643 | D:3      | Found an iron altar of Okawaru.
  3734 | D:3      | Noticed Natasha
  3735 | D:3      | Killed Natasha
  3794 | D:3      | Reached skill level 6 in Maces & Flails
  4073 | D:3      | Reached XP level 7. HP: 76/76 MP: 7/7
  4112 | D:3      | Reached skill level 7 in Maces & Flails
  4585 | D:3      | Reached skill level 8 in Maces & Flails
  6065 | D:4      | Reached XP level 8. HP: 80/87 MP: 8/8
  6071 | D:4      | Reached skill level 9 in Maces & Flails
  6778 | D:4      | Found a burning altar of Makhleb.
  6778 | D:4      | Found a basalt altar of Yredelemnul.
  6778 | D:4      | Found a stormy altar of Qazlal.
  6841 | D:5      | Entered Level 5 of the Dungeon
  6877 | D:5      | Found a bloodstained altar of Trog.
  6884 | D:5      | Became a worshipper of Trog the Wrathful
  6954 | D:5      | Reached skill level 10 in Maces & Flails
  7408 | D:5      | Found Fubror's Book Shop.
  7427 | D:5      | Found a radiant altar of Vehumet.
  7427 | D:5      | Found a sparkling altar of Nemelex Xobeh.
  7427 | D:5      | Found a deep blue altar of Sif Muna.
  7427 | D:5      | Found an opulent altar of Gozag.
  7433 | D:5      | Found a glowing golden altar of the Shining One.
  7433 | D:5      | Found a snail-covered altar of Cheibriados.
  7963 | D:6      | Found a glowing silver altar of Zin.
  8076 | D:6      | Reached skill level 11 in Maces & Flails
  8179 | D:6      | Reached * piety under Trog
  8188 | D:6      | Reached XP level 9. HP: 83/97 MP: 9/9
  8418 | D:6      | Noticed Eustachio
  8441 | D:6      | Killed Eustachio
  8441 | D:6      | Reached skill level 12 in Maces & Flails
  8513 | D:6      | Noticed Pikel
  8577 | D:6      | Killed Pikel
  9066 | D:6      | Found Ofesacoll's Weapon Boutique.
  9438 | D:7      | Reached skill level 10 in Fighting
  9473 | D:7      | Reached skill level 13 in Maces & Flails
  9744 | D:7      | Reached skill level 14 in Maces & Flails
  9744 | D:7      | Reached XP level 10. HP: 26/111 MP: 10/10
 10131 | D:7      | Found a staircase to the Ecumenical Temple.
 10571 | D:8      | Reached ** piety under Trog
 11004 | D:8      | Found a staircase to the Lair.
 11058 | D:8      | Found a burning altar of Makhleb.
 11165 | D:8      | Found a sacrificial altar of Ru.
 12169 | D:9      | Paralysed by a hornet for 1 turns
 12174 | D:9      | Paralysed by a hornet for 3 turns
 12181 | D:9      | Reached skill level 15 in Maces & Flails
 12873 | D:9      | Found a hide-covered altar of Uskayaw.
 12876 | D:9      | Noticed a dagger
 12879 | D:9      | Noticed a dagger
 13270 | D:9      | Killed an unseen horror
 13500 | D:9      | Reached skill level 16 in Maces & Flails
 13510 | D:9      | Reached XP level 11. HP: 78/123 MP: 11/11
 13878 | D:9      | Noticed a hill giant
 13878 | D:9      | Noticed a cyclops
 13905 | D:9      | Killed a cyclops
 13906 | D:9      | Noticed a centaur warrior
 13911 | D:9      | Killed a centaur warrior
 13921 | D:9      | Killed a hill giant
 13921 | D:9      | Reached skill level 17 in Maces & Flails
 14154 | D:10     | Entered Level 10 of the Dungeon
 14299 | D:10     | Noticed yrara's ghost (journeyman MiFi)
 14318 | D:10     | Killed yrara's ghost
 14485 | D:10     | Reached *** piety under Trog
 14689 | D:10     | Found a staircase to the Orcish Mines.
 14790 | D:10     | Identified a +0 rod of shadows (14/14) (You found it on level 6 of the Dungeon)
 15700 | D:10     | Noticed a hill giant
 15704 | D:10     | Killed a hill giant
 15889 | Lair:1   | Entered Level 1 of the Lair of Beasts
 15920 | Lair:1   | Noticed an eight-headed hydra
 15927 | Lair:1   | Killed an eight-headed hydra
 16712 | Lair:1   | Reached skill level 18 in Maces & Flails
 16888 | Lair:1   | Found a sacrificial altar of Ru.
 17248 | Lair:1   | Reached XP level 12. HP: 112/136 MP: 12/12
 18972 | Lair:1   | Reached skill level 5 in Dodging
 19125 | Lair:2   | Found a labyrinth entrance.
 19194 | Lab      | Entered a labyrinth
 19940 | Lab      | Noticed a minotaur
 19946 | Lab      | Killed a minotaur
 19960 | Lab      | Reached **** piety under Trog
 19979 | Lair:2   | Noticed a five-headed hydra
 19985 | Lair:2   | Killed a five-headed hydra
 20082 | Lair:2   | Reached skill level 19 in Maces & Flails
 20361 | Lair:2   | Noticed a six-headed hydra
 20370 | Lair:2   | Killed a six-headed hydra
 20890 | Lair:2   | Noticed an eight-headed hydra
 20895 | Lair:2   | Killed an eight-headed hydra
 21216 | Lair:2   | Noticed a seven-headed hydra
 21222 | Lair:2   | Killed a seven-headed hydra
 21833 | Lair:3   | Reached XP level 13. HP: 140/148 MP: 13/13
 22479 | Lair:3   | Found a staircase to the Shoals.
 22821 | Lair:3   | Noticed Nergalle
 22831 | Lair:3   | Killed Nergalle
 22831 | Lair:3   | Reached skill level 20 in Maces & Flails
 23189 | Lair:3   | Noticed Harold
 23195 | Lair:3   | Mangled by an eight-headed hydra

Vault maps used:
D:1:      dpeg_arrival_radiant, minmay_unequal
D:2:      old_standard_altar, first_bread, nicolae_qazlal_general_emergency
D:3:      lemuel_castle_with_subvaults, marbit_many_paths, uniq_iyjb,
          uniq_natasha, uniq_jessica
D:4:      gammafunk_temple_overflow_claw
D:5:      minmay_overflow_temple_hex, bloody_trog, serial_shops, shop
D:6:      lemuel_coloured_pillars_altar, serial_shops, shop, uniq_pikel,
          uniq_eustachio
D:7:      grunt_livestock
D:8:      lemuel_crystal_altar, lair_0_dummy, nicolae_ossuary_entry_ruins,
          basic_altar
D:9:      dancing_weapons_uskayaw, grunt_tough_drop
D:10:     hiddenorc1_lemuel
Lair:1:   basic_altar
Lair:2:   lab_entry_generic
Lair:3:   elwin_shoals_entry_rooms, uniq_harold, uniq_nergalle

Skill      XL: |  1  2  3  4  5  6  7  8  9 10 11 12 13 |
---------------+----------------------------------------+-----
Fighting       | 3 4 5 6 7 8 10 12 13 14 | 14.9
Maces & Flails | 2 3 5 6 8 11 14 16 18 19 20 | 20.1
Dodging        | 4 6 |  6.7
Throwing       | |  4.0
Stealth        | |  0.6

Action                   |  1- 3 |  4- 6 |  7- 9 | 10-12 | 13-15 || total
-------------------------+-------+-------+-------+-------+-------++-------
Melee: Short sword       |    70 |       |       |       |       ||    70
       Club              |   105 |    30 |       |       |       ||   135
       Mace              |       |    86 |    71 |       |       ||   157
       Flail             |       |       |   261 |       |       ||   261
       Whip              |       |       |   110 |    45 |       ||   155
       Giant club        |       |       |       |   477 |    55 ||   532
Throw: Large rock        |    13 |    49 |    53 |     5 |     3 ||   123
       Throwing net      |       |       |     2 |       |       ||     2
Invok: Berserk           |       |       |     1 |    20 |     2 ||    23
       Burn Spellbooks   |       |       |       |     3 |       ||     3
       Trog's Hand       |       |       |       |     3 |       ||     3
Evoke: Rod               |       |       |       |     1 |       ||     1
       Wand              |       |       |       |     6 |       ||     6
  Use: Scroll            |       |     6 |     9 |    12 |       ||    27
       Potion            |       |       |     1 |     2 |       ||     3
 Stab: Sleeping          |     1 |       |       |       |       ||     1
       Held in net/web   |       |       |     2 |       |       ||     2
       Distracted        |       |       |     1 |       |       ||     1
  Eat: Chunk             |     4 |     6 |    19 |    32 |     4 ||    65
       Royal jelly       |       |       |       |     2 |       ||     2
       Fruit             |       |       |       |     7 |       ||     7
       Beef jerky        |       |       |       |     3 |     2 ||     5
       Pizza             |       |       |       |     9 |       ||     9
Armor: Robe              |    87 |    56 |    88 |    86 |     8 ||   325
Dodge: Dodged            |   124 |   100 |   213 |   212 |    19 ||   668
Block: Other             |       |       |    13 |    46 |       ||    59
       Reflection        |       |       |       |     4 |       ||     4
